 Dungeon Crawl Stone Soup version 0.29.0-4-gdea44cf6ec (webtiles) character file.

Game seed: 7905871116334124950

25 qw the Chopper (level 3, -1/21 HPs)
             Began as a Tengu Warper on Aug 28, 2022.
             Succumbed to their own poison gas
             ... on level 2 of the Dungeon.
             The game lasted 00:00:04 (787 turns).

qw the Chopper (Tengu Warper)                        Turns: 787, Time: 00:00:05

Health: -1/21      AC:  8    Str: 13    XL:     3   Next: 4%
Magic:  7/7        EV:  6    Int: 13    God:
Gold:   54         SH:  0    Dex: 13    Spells: 6/6 levels left

rFire   . . .      SeeInvis .   Y - +0 hand axe
rCold   . . .      Faith    .   (no shield)
rNeg    . . .      Spirit   .   f - +0 chain mail
rPois   .          Reflect  .   (helmet restricted)
rElec   .          Harm     .   (no cloak)
rCorr   .          Rampage  .   (no gloves)
Will    .....                   (boots unavailable)
Stlth   ..........              (no amulet)
HPRegen 0.07/turn               (no ring)
MPRegen 0.10/turn               (no ring)

@: lethally poisoned (-1 -> -10)
A: beak, talons 3
a: no special abilities


You were on level 2 of the Dungeon.
You visited 1 branch of the dungeon, and saw 2 of its levels.

You collected 54 gold pieces.


Innate Abilities, Weirdness & Mutations

You have a beak for a mouth.
You have claws for feet.


   Skills:
 - Level 2.0 Fighting
 + Level 3.8 Axes
 - Level 1.0 Throwing
 - Level 1.1 Armour
 - Level 2.1 Dodging
 - Level 2.0 Spellcasting
 - Level 2.4 Translocations


You had 6 spell levels left.
You didn't know any spells.
Your spell library contained the following spells:

 Spells                   Type           Power      Damage    Failure   Level
 Blink                    Tloc           14%        N/A       99%         2
 Gell's Gravitas          Tloc           7%         N/A       100%        3
 Lesser Beckoning         Tloc           7%         N/A       100%        3
 Teleport Other           Tloc           7%         N/A       100%        3
 Manifold Assault         Tloc           7%         N/A       100%        5

Inventory:

Hand Weapons
 g - a +0 whip
 Y - a +0 hand axe (weapon)
Armour
 f - a +0 chain mail (worn)
Potions
 i - a potion of might {unknown}

Dungeon Overview and Level Annotations

Branches:
Dungeon (2/15)

Altars:


Message History

Existing waypoints: (2) D:1 Assign waypoint to what number? (0-9, D - delete waypoint) Waypoint 1 assigned to D:2.
Enter note:
769 ||| UPGRADING to +0 chain mail.
You start removing your armour.
You continue taking off your +0 leather armour. x4
You finish taking off your +0 leather armour.
You start putting on your armour.
You continue putting on your +0 chain mail. x5
You finish putting on your +0 chain mail.
779 ||| DROPPING +0 leather armour.
You drop a +0 leather armour.
780 ||| DROPPING ring of wizardry.
You drop a ring of wizardry.
781 ||| READING scroll labelled VINLEO RUOCW.
As you read the scroll labelled VINLEO RUOCW, it crumbles to dust.
You assume a fearsome visage.
Nothing appears to happen.
It was a scroll of fear.
782 ||| READING scroll labelled WOODE MOODUXE.
The air fills with toxic fumes!
As you read the scroll labelled WOODE MOODUXE, it crumbles to dust.
It was a scroll of poison.
783 ||| DROPPING scroll of blinking.
You drop a scroll of blinking.
(D) Dungeon
Where to? (* - list waypoints, ? - help)
What level of the Dungeon? (default 1, ? - help) Sorry, I don't know how to get there.
Partly explored, can't reach some items and places.
784 ||| Stepping randomly (stuck).
Really walk into that cloud of poison gas?
You are engulfed in poison gas.
You are poisoned.
You feel very sick.
785 ||| Stepping ~*~*~tactically~*~*~ (cloud).
You feel very sick.
Things that are here:
a scroll of blinking; a ring of wizardry; a +0 leather armour
There is a lethal amount of poison in your body!
You feel very sick.
There is a lethal amount of poison in your body!
You die...

########
#######¤¤¤¤¤¤#
.0¤¤0¤¤¤0¤¤¤¤#
.¤¤¤¤¤¤¤¤¤¤¤¤#
.¤¤¤¤¤¤@¤¤¤¤¤#
.¤¤¤¤¤¤¤¤¤¤0¤#
.¤¤0¤¤¤¤¤¤¤¤¤#
.¤¤¤¤¤¤¤¤¤¤¤¤#
.0¤¤¤¤¤¤¤¤¤¤¤#
.¤¤¤¤¤¤#######
.¤¤¤¤¤¤
..##.##


There were no monsters in sight!

Vanquished Creatures
  A gnoll (D:1)
  2 bats (D:1)
  3 endoplasms (D:1)
  A hobgoblin (D:1)
  5 kobolds (D:1)
  2 ball pythons (D:1)
  A frilled lizard (D:1)
  A goblin (D:1)
16 creatures vanquished.

Notes
Turn   | Place    | Note
-------+----------+-------------------------------------------
     0 | D:1      | qw the Tengu Warper began the quest for the Orb.
     0 | D:1      | Reached XP level 1. HP: 12/12 MP: 4/4
     0 | D:1      | 0 ||| qw: Version: 0.1-a-89-g26bdef1
     0 | D:1      | 0 ||| qw: Game counter: 2219
     0 | D:1      | 0 ||| qw: Always use a shield: true
     0 | D:1      | 0 ||| qw: God list: Okawaru
     0 | D:1      | 0 ||| qw: Allow faded altars: false
     0 | D:1      | 0 ||| qw: Do Orc after D:15 true
     0 | D:1      | 0 ||| qw: Do second Lair branch before Depths: true
     0 | D:1      | 0 ||| qw: Lair rune preference: random
     0 | D:1      | 0 ||| qw: Plans: Normal
     0 | D:1      | 0 ||| PLANNING D:1-11
   121 | D:1      | Reached skill level 3 in Axes
   121 | D:1      | Reached XP level 2. HP: 12/17 MP: 6/6
   314 | D:1      | 314 ||| Stepping ~*~*~tactically~*~*~ (stealth).
   323 | D:1      | 323 ||| Stepping ~*~*~tactically~*~*~ (stealth).
   448 | D:1      | 448 ||| Stepping ~*~*~tactically~*~*~ (stealth).
   653 | D:1      | 653 ||| Stepping ~*~*~tactically~*~*~ (stealth).
   662 | D:1      | Reached XP level 3. HP: 14/21 MP: 7/7
   696 | D:1      | 696 ||| Stepping ~*~*~tactically~*~*~ (stealth).
   697 | D:1      | 697 ||| Stepping ~*~*~tactically~*~*~ (stealth).
   699 | D:1      | 699 ||| Stepping ~*~*~tactically~*~*~ (stealth).
   700 | D:1      | 700 ||| Stepping ~*~*~tactically~*~*~ (stealth).
   730 | D:1      | 730 ||| Stepping ~*~*~tactically~*~*~ (stealth).
   731 | D:1      | 731 ||| Stepping ~*~*~tactically~*~*~ (stealth).
   750 | D:1      | 750 ||| Stepping ~*~*~tactically~*~*~ (stealth).
   751 | D:1      | 751 ||| Stepping ~*~*~tactically~*~*~ (stealth).
   768 | D:1      | You fall into a shaft and drop 1 floor!
   769 | D:2      | 769 ||| UPGRADING to +0 chain mail.
   779 | D:2      | 779 ||| DROPPING +0 leather armour.
   780 | D:2      | 780 ||| DROPPING ring of wizardry.
   781 | D:2      | 781 ||| READING scroll labelled VINLEO RUOCW.
   782 | D:2      | 782 ||| READING scroll labelled WOODE MOODUXE.
   783 | D:2      | 783 ||| DROPPING scroll of blinking.
   784 | D:2      | 784 ||| Stepping randomly (stuck).
   785 | D:2      | 785 ||| Stepping ~*~*~tactically~*~*~ (cloud).
   785 | D:2      | HP: 4/21 [poisoned by you (poison gas)]
   786 | D:2      | HP: 1/21 [poisoned by you (poison gas)]
   787 | D:2      | Succumbed to their own poison gas

Levels and vault maps discovered:
D:1:      ebering_trefoil_twist, layout_loops_ring, serial_shops,
          nicolae_shop_bloodbath_and_beyond,
          shapermc_ecumenical_altar_mp_ritualfount
D:2:      layout_rooms

Skill      XL: |  1 |
---------------+----+-----
Axes           | 3 |  3.8
Fighting       | |  2.0
Throwing       | |  1.0
Armour         | |  1.1
Dodging        | |  2.1
Spellcasting   | |  2.0
Translocations | |  2.4

Action                   || total
-------------------------++-------
Melee: Hand axe          ||    39
       Kick              ||     6
       Peck              ||     4
Throw: Boomerang         ||     7
  Use: Scroll            ||     2
Armor: Leather armour    ||    12
Dodge: Dodged            ||    15

Table legend:
 A = Non-vault XP
 B = Vault XP
 C = Vault XP percentage of total XP
 D = Non-vault monster count
 E = Vault monster count
 F = Vault count percentage of total count
                 A         B        C        D         E       F
            +---------+---------+-------+---------+---------+-------
      Total |      36 |       0 |   0.0 |      16 |       0 |   0.0
            +---------+---------+-------+---------+---------+-------
        D:1 |      36 |       0 |   0.0 |      16 |       0 |   0.0
            +---------+---------+-------+---------+---------+-------
